 Dungeon Crawl Stone Soup version 0.30-a0-782-ge64f9170bb (webtiles) character file.

Game seed: 14479197140732850916

1766 Bnni the Tainter (level 9, -4/51 (71) HPs)
             Began as a Formicid Venom Mage on Mar 1, 2023.
             Was an Initiate of Cheibriados.
             Slain by a wight
             ... wielding a +0 war axe
              (7 damage)
             ... on level 7 of the Dungeon.
             The game lasted 00:15:30 (7639 turns).

Bnni the Tainter (Formicid Venom Mage)              Turns: 7639, Time: 00:15:31

HP:   -4/51 (71)    AC:  8    Str: 16 (19) XL:     9   Next: 28%
MP:   12/13         EV: 11    Int: 22 (23) God:    Cheibriados [......]
Gold: 334           SH:  0    Dex: 13 (14) Spells: 4/14 levels left

rFire   . . .      SeeInvis +    q - +0 quarterstaff
rCold   . . .      Faith    +    (no shield)
rNeg    . . .      Spirit   .    s - +1 ring mail "Vit Miuv" {+Blink Str+5}
rPois   +          Reflect  .    (helmet unavailable)
rElec   .          Harm     .    t - +1 cloak
rCorr   .          Rampage  .    (no gloves)
Will    .....                    (no boots)
Stlth   +                        y - amulet of faith
HPRegen 0.28/turn                i - ring of poison resistance
MPRegen 0.13/turn                j - ring of wizardry

@: very heavily drained, very slow
A: permanent stasis, dig shafts and tunnels, antennae 3, four strong arms, fangs
1, clever 1, sense surroundings 1
a: Dig, Shaft Self, Renounce Religion


You were on level 7 of the Dungeon.
You worshipped Cheibriados.
Cheibriados was noncommittal.
You visited 2 branches of the dungeon, and saw 8 of its levels.

You collected 334 gold pieces.

Inventory:

Hand Weapons
 q - a +0 quarterstaff (weapon)
Armour
 p - a +0 plate armour
 s - the +1 ring mail "Vit Miuv" (worn) {+Blink Str+5}
   (You found it on level 6 of the Dungeon)

   Str:       It affects your strength (+5).
   +Blink:    It lets you blink.
 t - a +1 cloak (worn)
 z - a +0 chain mail
Jewellery
 i - a ring of poison resistance (left hand)
 j - a ring of wizardry (right hand)
 l - a ring of protection from cold
 y - an amulet of faith (around neck)
Wands
 c - a wand of flame (7)
 h - a wand of iceblast (16)
Scrolls
 a - a scroll of noise {unknown}
 d - a scroll of enchant weapon {unknown}
 e - a scroll of brand weapon {unknown}
 g - 2 scrolls of enchant armour
 o - 3 scrolls of fear
 x - 2 scrolls of magic mapping {unknown}
Potions
 b - a potion of magic
 f - a potion of brilliance
 m - 2 potions of degeneration
 u - a potion of might {unknown}
 v - a potion of flight {unknown}
 w - a potion of cancellation {unknown}
 A - a potion of lignification {unknown}
 B - a potion of ambrosia {unknown}


   Skills:
 + Level 6.4 Fighting
 + Level 2.5 Armour
 - Level 1.7 Dodging
 - Level 2.4 Stealth
 - Level 3.0 Spellcasting
 - Level 1.1 Transmutations
 * Level 11.8 Poison Magic
 + Level 2.8 Invocations


You had 4 spell levels left.
You knew the following spells:

 Your Spells              Type           Power      Damage    Failure   Level
a - Sting                 Tmut/Pois      100%       1d8       1%          1
b - Poisonous Vapours     Pois/Air       58%        N/A       1%          2
c - Mephitic Cloud        Conj/Pois/Air  20%        N/A       6%          3
d - Olgreb's Toxic Radia  Pois           53%        N/A       1%          4

Your spell library contained the following spells:

 Spells                   Type           Power      Damage    Failure   Level
 Call Canine Familiar     Summ           3%         N/A       26%         3
 Portal Projectile        Hex/Tloc       6%         N/A       26%         3
 Leda's Liquefaction      Hex/Erth       1%         N/A       63%         4


Dungeon Overview and Level Annotations

Branches:
Dungeon (7/15)             Temple (1/1) D:6

Altars:
Cheibriados
Dithmenos
Hepliaklqana
Ru
Vehumet
Zin
The Shining One

Shops:
D:1 =?


Innate Abilities, Weirdness & Mutations

You cannot be hasted, slowed, berserked, paralysed or teleported.
You can dig through walls and to a lower floor.
You have a pair of large antennae on your head. (SInv)
Your four strong arms can wield two-handed weapons with a shield.
You have very sharp teeth.
Your mind is acute. (Int +4, Str/Dex -1)
You passively map a small area around you.


Message History

You hit the wight. Your bite misses the wight.
The wight is moderately damaged.
The wight closely misses you.
You feel better. The wight hits you with a +0 war axe.
* * * LOW HITPOINT WARNING * * *
You feel drained.
* * * LOW HITPOINT WARNING * * *
You feel better. The wight closely misses you.
You hit the wight but do no damage.
The wight is moderately damaged.
The wight hits you with a +0 war axe.
* * * LOW HITPOINT WARNING * * *
You hit the wight.
The wight is heavily damaged.
The wight hits you with a +0 war axe!
* * * LOW HITPOINT WARNING * * *
The wight closely misses you.
You closely miss the wight.
The wight is heavily damaged.
The wight closely misses you.
Okay, then.
Aiming: Throw Flame
Press: ? - help, Shift-Dir - straight line, f - wight
Aim: a wight, wielding a +0 war axe and wearing a +0 robe (heavily damaged, 68% to hit)
The puff of flame hits the wight but does no damage.
The wight is heavily damaged.
The wight hits you but does no damage.
Aiming: Throw Flame
Press: ? - help, Shift-Dir - straight line, f/p - wight
Aim: a wight, wielding a +0 war axe and wearing a +0 robe (heavily damaged, 68% to hit)
The puff of flame hits the wight.
The wight is severely damaged.
The wight barely misses you.
Aiming: Throw Flame
Press: ? - help, Shift-Dir - straight line, f/p - wight
Aim: a wight, wielding a +0 war axe and wearing a +0 robe (severely damaged, 68% to hit)
The puff of flame hits the wight.
The wight is severely damaged.
The wight hits you with a +0 war axe!
You die...

.#..# * #..........# ,
..#......##........##* ,
#.####.#.##.....)..# <..#
# ##........##... *
.##............).).))...,
............##..)####.).
.##........$####.)###*#
.#* ###..... ##z..# .#
#..... #@##)# ## ..., ###
.z. * , * ##... , , , ,
.)... , , .... , ,, , ,*
^ ... , , ..., , , , *


You could see a wight.

Vanquished Creatures
  Sigmund (D:6)
  A water moccasin (D:7)
  A black bear (D:4)
  An ice beast (D:5)
  An ogre (D:5)
  A phantom (D:6)
  A necrophage (D:5)
  A gnoll sergeant (D:5)
  6 scorpions
  3 wights (D:7)
  2 hounds
  2 iguanas
  6 orc wizards
  13 adders
  2 white imps (D:6)
  2 ufetubi
  2 worms
  2 dart slugs
  39 orcs
  5 endoplasms
  2 giant cockroaches (D:2)
  6 goblins
  5 hobgoblins
  3 quokkas
  5 ball pythons
  10 bats
  A frilled lizard (D:3)
  11 kobolds
  4 rats
139 creatures vanquished.

Vanquished Creatures (others)
  2 fungi (D:5)
2 creatures vanquished.

Grand Total: 141 creatures vanquished

Notes
Turn   | Place    | Note
-------+----------+-------------------------------------------
     0 | D:1      | Bnni the Formicid Venom Mage began the quest for the Orb.
     0 | D:1      | Reached XP level 1. HP: 13/13 MP: 3/3
    26 | D:1      | Found Uschey's Jewellery Shoppe.
   203 | D:1      | Found Qetoy's Magic Scroll Shoppe.
   399 | D:1      | Reached XP level 2. HP: 16/20 MP: 0/5
   402 | D:1      | Learned a level 2 spell: Poisonous Vapours
   498 | D:1      | You fall into a shaft and drop 1 floor!
  1174 | D:2      | Reached skill level 1 in Fighting
  1174 | D:2      | Reached XP level 3. HP: 26/26 MP: 0/6
  1244 | D:2      | Reached skill level 5 in Poison Magic
  1461 | D:2      | Reached XP level 4. HP: 31/32 MP: 4/8
  1859 | D:2      | Learned a level 4 spell: Olgreb's Toxic Radiance
  2398 | D:3      | Found a sacrificial altar of Ru.
  2434 | D:3      | Reached XP level 5. HP: 26/38 MP: 6/9
  2714 | D:3      | Reached skill level 6 in Poison Magic
  3204 | D:4      | Noticed a black bear
  3220 | D:4      | Killed a black bear
  3221 | D:4      | Reached skill level 7 in Poison Magic
  3221 | D:4      | Reached XP level 6. HP: 23/47 MP: 0/10
  3383 | D:4      | Found a shadowy altar of Dithmenos.
  3689 | D:4      | Learned a level 3 spell: Mephitic Cloud
  4334 | D:4      | Reached XP level 7. HP: 52/53 MP: 6/11
  4741 | D:4      | Found a hazy altar of Hepliaklqana.
  4899 | D:5      | Entered Level 5 of the Dungeon
  4966 | D:5      | Reached skill level 8 in Poison Magic
  5234 | D:5      | Reached skill level 9 in Poison Magic
  5346 | D:5      | Reached XP level 8. HP: 33/54 MP: 12/12
  5515 | D:5      | Reached skill level 5 in Fighting
  5612 | D:5      | Reached skill level 10 in Poison Magic
  6777 | D:6      | Found a radiant altar of Vehumet.
  6849 | D:6      | Reached skill level 11 in Poison Magic
  6849 | D:6      | Reached skill level 1 in Invocations
  6980 | D:6      | Reached skill level 1 in Armour
  7031 | D:6      | Identified the +1 ring mail "Vit Miuv" {+Blink Str+5}
  7269 | D:6      | Noticed Sigmund
  7279 | D:6      | Killed Sigmund
  7280 | D:6      | Reached XP level 9. HP: 63/69 MP: 1/13
  7407 | D:6      | Found a staircase to the Ecumenical Temple.
  7436 | Temple   | Entered the Ecumenical Temple
  7441 | Temple   | Became a worshipper of Cheibriados the Contemplative
  7602 | D:7      | Gained mutation: You have very sharp teeth. [potion of
                  | mutation]
  7602 | D:7      | Gained mutation: Your mind is acute. (Int +4, Str/Dex -1)
                  | [potion of mutation]
  7602 | D:7      | Gained mutation: You passively map a small area around you.
                  | [potion of mutation]
  7630 | D:7      | HP: 2/53 [wight/+0 war axe (4)]
  7635 | D:7      | HP: 1/51 [wight/+0 war axe (10)]
  7639 | D:7      | Slain by a wight

Illustrated notes

Levels and vault maps discovered:
D:1:      dpeg_arrival_oval, layout_loops_ring, serial_shops,
          nicolae_shop_advertising_works [nicolae_subvault_shop_adworks],
          nicolae_square_shop, hangedman_abyss_or_decor_stabs,
          minmay_misc_feat_rows
D:2:      layout_loops_cross, chequers_jeans
D:3:      layout_loops_corners, nicolae_ru_awakened_eye
D:4:      layout_layer_cave, mainiacjoe_overflow_boulevard,
          nicolae_overflow_hidden_temple
D:5:      old_forge, layout_cave_pods, minmay_quadrilaterals
D:6:      layout_rooms, nicolae_vehumet_radiance, minmay_temple_entry_offerings,
          serial_corexii_hall, chequers_hall_statues_corner_a,
          chequers_hall_statues_y, corexii_hall_statues_t,
          corexii_hall_statues_t, uniq_sigmund
D:7:      layout_basic, serial_shops, nicolae_stop_n_shop_2
Temple:   compressed_dpeg_circular_temple

Skill      XL: |  1  2  3  4  5  6  7  8  9 |
---------------+----------------------------+-----
Fighting       | 1 2 3 4 6 |  6.4
Poison Magic   | 5 7 9 11 | 11.8
Spellcasting   | 3 |  3.0
Invocations    | 1 2 |  2.8
Armour         | 1 2 |  2.5
Dodging        | |  1.7
Stealth        | |  2.4
Transmutations | |  1.1

Action                     |  1- 3 |  4- 6 |  7- 9 || total
---------------------------+-------+-------+-------++-------
  Melee: Whip              |    30 |    85 |    80 ||   195
         Punch             |       |     1 |     3 ||     4
         Quarterstaff      |       |       |    77 ||    77
         Bite              |       |       |     3 ||     3
   Cast: Sting             |    31 |    41 |     9 ||    81
         Poisonous Vapours |       |    32 |    23 ||    55
         Olgreb's Toxic Ra |       |     3 |    13 ||    16
         Mephitic Cloud    |       |       |     2 ||     2
Ability: Dig               |       |       |     1 ||     1
  Evoke: Wand              |       |       |     5 ||     5
    Use: Scroll            |     1 |     2 |     3 ||     6
         Potion            |       |       |    10 ||    10
   Stab: Sleeping          |     1 |     1 |     1 ||     3
         Confused          |       |       |     1 ||     1
         Distracted        |       |       |     1 ||     1
 Armour: Robe              |     6 |    20 |    25 ||    51
         Ring mail         |       |       |    14 ||    14
  Dodge: Dodged            |    16 |    63 |    93 ||   172

Table legend: (Time is in decaauts)
 A = Elapsed time spent in this place.
 B = Non-inter-level travel time spent in this place.
 C = Inter-level travel time spent in this place.
 D = Time resting spent in this place.
 E = Time spent auto-exploring this place.
 F = Levels seen in this place.
 G = Mean time per level.
                   A        B        C        D        E       F      G
               +--------+--------+--------+--------+--------+-----+--------+
         Total |   7710 |   7432 |    278 |    304 |   6026 |   8 |  963.8 |
       Dungeon |   7699 |   7426 |    273 |    304 |   6026 |   7 | 1099.9 |
        Temple |     11 |      6 |      5 |      0 |      0 |   1 |   11.0 |
               +--------+--------+--------+--------+--------+-----+--------+

Top non-repeatable levels by time:
     D:4: 1728 daAuts
     D:5: 1681 daAuts
     D:3: 1141 daAuts
     D:1: 1056 daAuts
     D:2: 982 daAuts
     D:6: 959 daAuts
     D:7: 149 daAuts
  Temple: 11 daAuts
